 Dungeon Crawl Stone Soup version 0.25.1-2-g60ff931df9 (webtiles) character file.

Game seed: 3902929361558780225

2940 hawla the Placeless Draconian (level 9, -4/61 HPs)
             Began as a Yellow Draconian Conjurer on Nov 18, 2020.
             Was an Initiate of Vehumet.
             Slain by an orc warrior
             ... wielding a +0 dire flail
              (17 damage)
             ... on level 7 of the Dungeon.
             The game lasted 00:37:01 (9796 turns).

hawla the Placeless Draconian (DrCj)                Turns: 9796, Time: 00:37:02

Health: -4/61      AC:  8    Str: 10    XL:     9   Next: 51%
Magic:  16/24      EV: 13    Int: 20    God:    Vehumet [......]
Gold:   439        SH:  0    Dex: 11    Spells: 5/17 levels left

rFire    . . .     SeeInvis .   f - +0 dagger (protect)
rCold    . . .     Gourm    .   (no shield)
rNeg     . . .     Faith    .   (armour unavailable)
rPois    .         Spirit   .   (helmet restricted)
rElec    .         Reflect  +   (no cloak)
rCorr    +         Harm     .   l - +0 pair of gloves
MR       .....                  (no boots)
Stlth    +.........             j - amulet of reflection
HPRegen  0.20/turn              h - ring of magical power
MPRegen  0.19/turn              (no ring)

@: confused, berserk cooldown, slowed, very slow
A: spit acid, unfitting armour, horns 1, frail 1, cold-blooded, MP-powered
wands, acid resistance, AC +7
a: Breathe Acid, Renounce Religion


You were on level 7 of the Dungeon.
You worshipped Vehumet.
Vehumet was noncommittal.
You were not hungry.

You visited 2 branches of the dungeon, and saw 8 of its levels.

You collected 439 gold pieces.

Inventory:

Hand Weapons
 f - a +0 dagger of protection (weapon)
Missiles
 d - 19 poisoned darts (quivered)
 r - 2 boomerangs
 s - 3 curare-tipped darts
 v - 2 throwing nets
Armour
 l - a +0 pair of gloves (worn)
Jewellery
 h - a ring of magical power (left hand)
 j - an amulet of reflection (around neck)
Wands
 a - a wand of paralysis (9)
 g - a wand of flame (18)
 o - a wand of iceblast (9)
 p - a wand of disintegration (12)
Scrolls
 c - a scroll of enchant weapon {unknown}
 i - 7 scrolls of teleportation
 k - a scroll of magic mapping
 n - 2 scrolls of remove curse
Potions
 u - a potion of magic
 w - a potion of ambrosia
Comestibles
 b - 10 rations


   Skills:
 + Level 2.6 Fighting
 * Level 4.3 Dodging
 + Level 4.2 Stealth
 + Level 4.5 Spellcasting
 - Level 7.7 Conjurations
 - Level 8.2 Translocations


You had 5 spell levels left.
You knew the following spells:

 Your Spells              Type           Power        Failure   Level  Hunger
a - Magic Dart            Conj           ####         1%          1    None
b - Searing Ray           Conj           #####.       1%          2    #......
c - Iskenderun's Mystic   Conj/Tloc      #####...     4%          4    ####...
d - Blink                 Tloc           N/A          1%          2    #......
e - Mephitic Cloud        Conj/Pois/Air  ##......     13%         3    ##.....

Your spell library contained the following spells:

 Spells                   Type           Power        Failure   Level  Hunger
 Conjure Flame            Conj/Fire      ###.....     8%          3    ##.....
 Dazzling Flash           Conj/Hex       ###...       8%          3    ##.....
 Beastly Appendage        Tmut           #.....       12%         1    None
 Corona                   Hex            #......      12%         1    None
 Call Imp                 Summ           #.......     19%         2    #......
 Slow                     Hex            #.......     19%         2    #......
 Sticks to Snakes         Tmut           #.......     19%         2    #......
 Fulminant Prism          Conj/Hex       ###.......   24%         4    ####...
 Spider Form              Tmut/Pois      #.........   36%         3    ##.....
 Ice Form                 Ice/Tmut       #.......     77%         4    ####...
 Blade Hands              Tmut           #.........   98%         5    ######.


Dungeon Overview and Level Annotations

Branches:
Dungeon (7/15)             Temple (1/1) D:7

Altars:
Ashenzari
Cheibriados
Dithmenos
Elyvilon
Fedhas
Gozag
Hepliaklqana
Kikubaaqudgha
Makhleb
Nemelex Xobeh
Okawaru
Qazlal
Ru
Sif Muna
Trog
Vehumet
Wu Jian
Xom
Yredelemnul
Zin
The Shining One

Annotations:
D:4 2 transporters


Innate Abilities, Weirdness & Mutations

You can spit globs of acid.
Your golden yellow scales are hard. (AC +7)
You cannot fit into any form of body armour.
You are cold-blooded and may be slowed by cold attacks.
You are resistant to acid. (rCorr)
You have a pair of small horns on your head.
You are frail. (-10% HP)
You expend magic power (3 MP) to strengthen your wands.


Message History

The orc warrior is lightly wounded.
You are too berserk!
The door flies open with a bang!
The orc warrior closely misses you.
You feel a strong urge to attack something.
There is an open door here.
You feel your anger nearly subside.
You are no longer berserk.
You are exhausted.
You feel yourself slow down.
You feel better.
The orc warrior hits you with a +0 dire flail!
* * * LOW HITPOINT WARNING * * *
You are confused.
You feel invigorated. The orc warrior barely misses you.
An ogre comes into view. It is wielding a +0 giant club.
The ogre shouts!
The orc warrior hits you with a +0 dire flail!
* * * LOW HITPOINT WARNING * * *
The orc warrior hits you with a +0 dire flail!
You die...

###.. ....# ....# ####...#
###+#. ....# #.....##...#
##...[$.#..# ...._.)'o..##
#..)...##@..#
#...[...#...##############
..##+##...................
# ##.#....#######..####
..........# #..####
........#...#####....§.
......####..O.....§§§#§
###### #..#####.§§§§§
##.## #§§####


You could see an orc warrior and an ogre.

Vanquished Creatures
  A hippogriff (D:7)
  Grinder (D:3)
  A wyvern (D:6)
  Duvessa (D:6)
  3 sky beasts
  An ice beast (D:5)
  A necrophage (D:6)
  4 ogres
  An orc warrior (D:6)
  2 centaurs
  Blork the orc (D:6)
  A bullfrog (D:6)
  Dowan (D:6)
  A scorpion (D:6)
  3 crimson imps
  A bullfrog zombie (D:2)
  3 hounds
  2 jellies
  A bullfrog skeleton (D:5)
  Ijyb (D:3)
  3 iguanas
  7 orc wizards
  4 worker ants
  A hound zombie (D:5)
  A hound skeleton (D:4)
  A worker ant zombie (D:6)
  Robin (D:3)
  3 gnolls (D:5)
  11 adders
  2 shadow imps
  A worm (D:3)
  A dart slug (D:1)
  2 leopard geckos
  21 orcs
  7 bats
  4 giant cockroaches
  3 hobgoblins (D:3)
  25 jackals
  2 quokkas (D:5)
  3 frilled lizards
  21 goblins
  2 goblin skeletons (D:7)
  A goblin zombie (D:7)
  3 hobgoblin zombies (D:7)
  A jackal skeleton (D:6)
  5 kobolds
  2 kobold zombies (D:7)
  An orc skeleton (D:7)
  An orc zombie (D:7)
  A quokka zombie (D:5)
  6 rats
178 creatures vanquished.

Notes
Turn   | Place    | Note
-------+----------+-------------------------------------------
     0 | D:1      | hawla the Draconian Conjurer began the quest for the Orb.
     0 | D:1      | Reached XP level 1. HP: 14/14 MP: 3/3
   258 | D:1      | Reached XP level 2. HP: 20/20 MP: 0/5
   270 | D:1      | Learned a level 2 spell: Searing Ray
  1187 | D:1      | Reached XP level 3. HP: 26/26 MP: 4/7
  1828 | D:2      | Reached XP level 4. HP: 33/33 MP: 2/9
  1834 | D:2      | Learned a level 4 spell: Iskenderun's Mystic Blast
  1946 | D:2      | Found a bloodstained altar of Trog.
  2310 | D:3      | Reached skill level 1 in Translocations
  2355 | D:3      | Learned a level 2 spell: Blink
  2480 | D:3      | Noticed Grinder
  2489 | D:3      | Paralysed by Grinder for 7 turns
  2507 | D:3      | Paralysed by Grinder for 3 turns
  2529 | D:3      | Killed Grinder
  2529 | D:3      | Reached skill level 4 in Translocations
  2529 | D:3      | Reached XP level 5. HP: 13/38 MP: 0/10
  2529 | D:3      | Reached XP level 6. HP: 16/45 MP: 0/11
  2836 | D:3      | Noticed Ijyb
  2838 | D:3      | Killed Ijyb
  2840 | D:3      | Noticed Robin
  2977 | D:3      | Killed Robin
  3106 | D:3      | Found a shimmering blue altar of Sif Muna.
  3118 | D:3      | Reached skill level 5 in Translocations
  3212 | D:3      | Identified Sif Muna's Collected Works on Enchantment
  3385 | D:3      | You fall into a shaft and drop 3 floors!
  3502 | D:6      | Noticed Blork the orc
  3541 | D:6      | Killed Blork the orc
  3559 | D:6      | Your scales start taking on a golden yellow colour.
  3559 | D:6      | Reached XP level 7. HP: 39/50 MP: 1/12
  3559 | D:6      | Gained mutation: You are resistant to acid. (rCorr) [Yellow
                  | Draconian growth]
  3693 | D:5      | Entered Level 5 of the Dungeon
  4257 | D:4      | Noticed a kobold demonologist
  4301 | D:4      | Found a transporter.
  4308 | D:4      | Found a transporter.
  5016 | D:4      | Reached skill level 5 in Conjurations
  5158 | D:4      | Reached skill level 6 in Translocations
  5563 | D:4      | Found a blossoming altar of Fedhas.
  6071 | D:5      | Reached XP level 8. HP: 51/57 MP: 4/13
  6161 | D:5      | Found a stormy altar of Qazlal.
  6162 | D:5      | Found a sacrificial altar of Ru.
  6643 | D:5      | Found an iron altar of Okawaru.
  6936 | D:5      | Reached skill level 7 in Translocations
  7169 | D:5      | Found a shadowy altar of Dithmenos.
  8012 | D:6      | Reached skill level 8 in Translocations
  8124 | D:6      | Reached XP level 9. HP: 61/61 MP: 14/14
  8157 | D:6      | Noticed Dowan
  8165 | D:6      | Noticed Duvessa
  8173 | D:6      | Killed Dowan
  8182 | D:6      | Killed Duvessa
  8208 | D:5      | Reached skill level 1 in Fighting
  8986 | D:7      | Gained mutation: You have a pair of small horns on your
                  | head. [potion of mutation]
  8986 | D:7      | Gained mutation: Your spells are a little harder to cast,
                  | but a little more powerful. [potion of mutation]
  8986 | D:7      | Gained mutation: You have a pair of horns on your head.
                  | [potion of mutation]
  8987 | D:7      | Lost mutation: You have a pair of horns on your head.
                  | [potion of mutation]
  8987 | D:7      | Lost mutation: Your spells are a little harder to cast, but
                  | a little more powerful. [potion of mutation]
  8987 | D:7      | Gained mutation: You are frail. (-10% HP) [potion of
                  | mutation]
  8987 | D:7      | Gained mutation: You expend magic power (3 MP) to
                  | strengthen your wands. [potion of mutation]
  9503 | D:7      | Found a staircase to the Ecumenical Temple.
  9509 | Temple   | Entered the Ecumenical Temple
  9515 | Temple   | Learned a level 3 spell: Mephitic Cloud
  9654 | Temple   | Became a worshipper of Vehumet
  9740 | D:7      | Found a glowing golden altar of the Shining One.
  9796 | D:7      | Slain by an orc warrior

Illustrated notes

Levels and vault maps discovered:
D:1:      evilmike_arrival_crescent, layout_basic, minivault_24
D:2:      layout_basic, nicolae_overflow_crystal_walls
D:3:      kennysheep_six_static_rooms, layout_basic, led_sif_book, uniq_robin,
          uniq_grinder, uniq_ijyb
D:4:      gammafunk_wand_slinger, layout_cave_pools,
          fedhas_bush_and_centaur_altar, first_ration
D:5:      minmay_thinvault, layout_basic, kennysheep_okawaru_gauntlet,
          gammafunk_temple_overflow_forgotten
D:6:      layout_loops_cross, uniq_blork_the_orc, uniq_duvessa
D:7:      layout_basic, nicolae_tso_besieged_by_evil, minmay_temple_entry_fiery
Temple:   eino_narrow_crystal_temple

Skill      XL: |  1  2  3  4  5  6  7  8  9 |
---------------+----------------------------+-----
Spellcasting   | 3 4 |  4.5
Translocations | 4 5 6 8 |  8.2
Stealth        | 2 3 4 |  4.2
Dodging        | 2 4 |  4.3
Conjurations   | 5 7 |  7.7
Fighting       | 2 |  2.6

Action                   |  1- 3 |  4- 6 |  7- 9 || total
-------------------------+-------+-------+-------++-------
Melee: Whip              |    28 |       |       ||    28
       Tailslap          |     5 |     5 |     7 ||    17
       Dagger            |       |    30 |    70 ||   100
 Cast: Magic Dart        |    43 |    38 |   106 ||   187
       Searing Ray       |     9 |    12 |    60 ||    81
       Blink             |       |     3 |     2 ||     5
       Iskenderun's Myst |       |     4 |    26 ||    30
 Abil: Breathe Acid      |       |       |     3 ||     3
Evoke: Wand              |       |     1 |       ||     1
  Use: Scroll            |     5 |     2 |     9 ||    16
       Potion            |       |     9 |     8 ||    17
  Eat: Chunk             |     3 |     3 |    23 ||    29
       Ration            |       |     1 |     1 ||     2
Armor: Skin              |    10 |    18 |    83 ||   111
Dodge: Dodged            |    28 |    33 |   140 ||   201
Block: Other             |     4 |    13 |    64 ||    81
       Reflection        |     1 |     2 |     2 ||     5
